 Dungeon Crawl Stone Soup version 0.18-a0-1639-g7533f42 (webtiles) character file.

340 ithil the Covered (level 6, -1/55 HPs)
             Began as a Minotaur Fighter on Mar 27, 2016.
             Was an Initiate of Makhleb.
             Slain by a centaur (2 damage)
             ... on level 5 of the Dungeon.
             The game lasted 00:09:11 (3340 turns).

ithil the Covered (Minotaur Fighter)                Turns: 3340, Time: 00:09:12

Health: -1/55      AC:  9    Str: 22    XL:     6   Next: 30%
Magic:  5/5        EV:  8    Int:  5    God:    Makhleb [......]
Gold:   213        SH: 11    Dex: 10    Spells: 0 memorised, 5 levels left

rFire  . . .     SeeInvis .     a - +0 long sword
rCold  . . .     Gourm    .     b - +0 scale mail
rNeg   . . .     Faith    .     c - +1 shield
rPois  .         Spirit   .     (helmet restricted)
rElec  .         Dismiss  .     (no cloak)
rCorr  .         Reflect  .     i - +0 pair of gloves
SustAt .         Harm     .     g - +0 pair of boots
MR     .....                    (no amulet)
Stlth  ..........               (no ring)
                                (no ring)

@: not resistant to hostile enchantments, extremely unstealthy
A: retaliatory headbutt, horns 2
a: Renounce Religion


You were on level 5 of the Dungeon.
You worshipped Makhleb.
Makhleb was noncommittal.
You were not hungry.

You visited 1 branch of the dungeon, and saw 5 of its levels.

You collected 213 gold pieces.

Inventory:

Hand Weapons
 a - a +0 long sword (weapon)
 d - a cursed -1 flail
 h - a +1 hand axe of chopping
 q - a cursed -3 falchion
Armour
 b - a +0 scale mail (worn)
 c - a +1 shield (worn)
 g - a +0 pair of boots (worn)
 i - a +0 pair of gloves (worn)
 l - a +0 plate armour
 o - a +0 pair of boots
 t - a +0 chain mail
Jewellery
 w - an uncursed ring of sustain attributes {unknown}
 x - an uncursed ring of flight {unknown}
Wands
 r - a wand of iceblast (4/15)
 A - a wand of disintegration (18/24)
 J - a wand of lightning (7/15)
Scrolls
 e - 4 scrolls of teleportation
 p - 2 scrolls of enchant armour
 u - 3 scrolls of recharging {unknown}
 y - a scroll of amnesia {unknown}
 z - a scroll of blinking {unknown}
 E - 2 scrolls of magic mapping {unknown}
 F - 2 scrolls of identify {unknown}
Potions
 k - a potion of heal wounds {unknown}
 n - a potion of cure mutation {unknown}
 s - a potion of haste {unknown}
 D - a potion of ambrosia {unknown}
 G - a potion of agility {unknown}
 I - a potion of curing {unknown}
Books
 H - a book of Maledictions

   Spells                             Type                      Level
   a - Corona                         Hexes                        1
   b - Ensorcelled Hibernation        Hexes/Ice                    2
   c - Confuse                        Hexes                        3
   d - Tukima's Dance                 Hexes                        3
   e - Dazzling Spray                 Conjuration/Hexes            3
Comestibles
 f - 6 bread rations
 m - a royal jelly
 v - 4 fruits
 B - a beef jerky


   Skills:
 + Level 4.8 Fighting
 + Level 4.5 Long Blades
 + Level 5.2 Armour
 + Level 2.0 Dodging
 + Level 0.1 Stealth
 + Level 5.0 Shields


You had 5 spell levels left.
You didn't know any spells.

Dungeon Overview and Level Annotations

Branches:
Dungeon (5/15)
 Temple: D:4-7

Altars:
Gozag
Makhleb
Pakellas


Innate Abilities, Weirdness & Mutations

You reflexively headbutt those who attack you in melee.
You have a pair of horns on your head.


Message History

You block the arrow.
Drink which item? (? for menu, Esc to quit)
Okay, then.
The centaur unwields an uncursed shortbow.
You block the centaur's attack.
You see here 5 arrows.
You hit the centaur but do no damage. Your headbutt misses the centaur.
You block the centaur's attack.
The centaur hits you but does no damage.
You block the phantom's attack.
You closely miss the centaur. You block the centaur's attack.
The phantom hits you but does no damage.
The centaur hits you.
* * * LOW HITPOINT WARNING * * *
You hit the centaur. You headbutt the centaur.
The centaur is moderately wounded.
The centaur hits you.
* * * LOW HITPOINT WARNING * * *
You block the phantom's attack. The centaur hits you.
You die...

##+# .... ##...##
....# ##.....##
#..#.# ##.......##
.....
#.........####...###
.....§..............
......§§§c((......#
#....§W@#..<.....#
##.(.§§##W.......#
.$.#...###.......##
## ##+# ###.#####
#.# #.# #.# ..#


You could see a phantom and a centaur.

Vanquished Creatures
  A hound (D:4)
  An orc priest (D:3)
  A giant frog skeleton (D:5)
  3 orc wizards
  A worker ant (D:4)
  A howler monkey skeleton (D:5)
  3 adders
  An ooze (D:4)
  5 worms
  2 dart slugs
  A giant gecko (D:2)
  13 orcs
  3 bats
  3 giant cockroaches
  9 goblins
  5 hobgoblins
  8 kobolds
  3 quokkas
  2 ball pythons
  4 giant newts
  6 rats
76 creatures vanquished.

Notes
Turn   | Place    | Note
--------------------------------------------------------------
     0 | D:1      | ithil the Minotaur Fighter began the quest for the Orb.
     0 | D:1      | Reached XP level 1. HP: 19/19 MP: 0/0
   276 | D:1      | Reached XP level 2. HP: 27/27 MP: 1/1
   947 | D:2      | Reached XP level 3. HP: 31/33 MP: 2/2
  1473 | D:3      | Reached skill level 1 in Dodging
  1473 | D:3      | Reached XP level 4. HP: 40/40 MP: 3/3
  1565 | D:3      | Reached XP level 5. HP: 6/47 MP: 4/4
  2774 | D:4      | Found an opulent altar of Gozag.
  2832 | D:4      | Reached skill level 5 in Armour
  3196 | D:4      | Found a burning altar of Makhleb.
  3197 | D:4      | Found an oddly glowing altar of Pakellas.
  3201 | D:4      | Became a worshipper of Makhleb the Destroyer
  3225 | D:4      | Reached XP level 6. HP: 46/53 MP: 5/5
  3298 | D:4      | Reached skill level 5 in Shields
  3313 | D:5      | Entered Level 5 of the Dungeon
  3335 | D:5      | HP: 2/55 [centaur/arrow (10)]
  3340 | D:5      | HP: 1/55 [centaur (1)]
  3340 | D:5      | Slain by a centaur

Vault maps used:
D:1:      dpeg_arrival_castle
D:2:      minmay_misc_feat_ornament
D:4:      gammafunk_temple_overflow_statue, first_bread,
          nicolae_gozag_seed_capital
D:5:      nicolae_tso_besieged_by_evil, uniq_crazy_yiuf_cottage

Skill      XL: |  1  2  3  4  5  6 |
---------------+-------------------+-----
Armour         | 4 5 |  5.2
Shields        | 4 5 |  5.0
Fighting       | 4 |  4.8
Long Blades    | 3 4 |  4.5
Dodging        | 1 2 |  2.0
Stealth        | |  0.1

Action                   |  1- 3 |  4- 6 || total
-------------------------+-------+-------++-------
Melee: Long sword        |    94 |   126 ||   220
  Use: Scroll            |     2 |     3 ||     5
       Potion            |       |     1 ||     1
  Eat: Chunk             |     2 |     6 ||     8
